 Dungeon Crawl Stone Soup version 0.31-a0-233-g139696dc86 (webtiles) character file.

Game seed: 13154360363467723359

58 qw the Shooter (level 4, -6/26 HPs)
             Began as a Gargoyle Hexslinger on July 7, 2023.
             Killed by nerve-wracking pain
             ... invoked by Grinder
              (7 damage)
             ... on level 3 of the Dungeon.
             The game lasted 00:00:35 (1438 turns).

qw the Shooter (Gargoyle Hexslinger)                Turns: 1438, Time: 00:00:36

Health: -6/26      AC: 10    Str: 11    XL:     4   Next: 1%
Magic:  5/5        EV: 10    Int: 14    God:
Gold:   119        SH:  0    Dex: 14    Spells: 4/5 levels left

rFire   . . .        Y - +3 sling
rCold   . . .        (no shield)
rNeg    + . .        l - +0 ring mail
rPois   inf          (no helmet)
rElec   +            (no cloak)
rCorr   .            (no gloves)
SInv    .            h - +0 pair of boots
Will    .....        (no amulet)
Stlth   +            (no ring)
HPRegen 0.24/turn    (no ring)
MPRegen 0.09/turn

%: no passive effects
@: no status effects
A: sickness immunity, AC +3, negative energy resistance 1, electricity
resistance, torment resistance 1, petrification resistance
a: no special abilities


You were on level 3 of the Dungeon.
You visited 1 branch of the dungeon, and saw 3 of its levels.

You collected 119 gold pieces.


Innate Abilities, Weirdness & Mutations

You are immune to sickness and miasma.
Your stone body is resilient. (AC +3)
You are immune to poison.
You resist negative energy. (rN+)
You are resistant to electric shocks. (rElec)
You are resistant to unholy torment.
You are immune to petrification.


   Skills:
 - Level 2.0 Fighting
 + Level 3.0 Ranged Weapons
 - Level 2.3 Armour
 - Level 1.5 Dodging
 - Level 1.0 Spellcasting
 - Level 2.6 Hexes


You had 4 spell levels left.
You knew the following spells:

 Your Spells              Type           Power      Damage    Failure   Level
a - Slow                  Hex            32%        N/A       21%         1

Your spell library contained the following spells:

 Spells                   Type           Power      Damage    Failure   Level
 Inner Flame              Hex/Fire       4%         N/A       71%         3
 Portal Projectile        Hex/Tloc       8%         N/A       71%         3
 Cause Fear               Hex            4%         N/A       90%         4

Inventory:

Hand Weapons
 Y - a +3 sling (weapon)
Armour
 h - a +0 pair of boots (worn)
 l - a +0 ring mail (worn)
Jewellery
 c - the ring "Ryhomai Rann" {rC- Int+6 Dex-4 Slay+5 Stlth+}
   (You found it on level 2 of the Dungeon)

   [ring of intelligence]

   Int:       It affects your intelligence (+6).
   Dex:       It affects your dexterity (-4).
   Slay:      It affects your accuracy & damage with ranged weapons and melee
   (+5).
   rC:        It makes you vulnerable to cold.
   Stlth:     It makes you more stealthy.
Scrolls
 i - a scroll of identify
Potions
 f - a potion of haste {unknown}
 g - 3 potions of curing
 k - a potion of resistance {unknown}
 m - a potion of lignification {unknown}
 n - 2 potions of degeneration {unknown}

Dungeon Overview and Level Annotations

Branches:
Dungeon (3/15)

Altars:

Annotations:
D:2 1 runed translucent door, Crazy Yiuf
D:3 Grinder


Message History

Grinder says, "Just stop there for a second..."
Grinder hits you.
You writhe in agony.
You shoot a sling bullet.
The sling bullet closely misses Grinder.
Grinder hits you but does no damage.
You shoot a sling bullet. The sling bullet barely misses Grinder.
Grinder barely misses you.
You shoot a sling bullet. The sling bullet barely misses Grinder.
Grinder gestures at you. Pain shoots through your body!
Grinder gestures at you. You resist with significant effort.
You shoot a sling bullet. The sling bullet hits Grinder.
Grinder is heavily wounded.
Grinder barely misses you.
You shoot a sling bullet. The sling bullet hits Grinder.
Grinder is severely wounded.
Grinder closely misses you.
You shoot a sling bullet. The sling bullet hits Grinder!
Grinder is almost dead.
Grinder gestures at you.
You suddenly lose the ability to move!
Grinder hits you but does no damage. Grinder hits you.
You writhe in agony.
Grinder hits you but does no damage. Grinder gestures at you.
Pain shoots through your body! Grinder gestures at you.
Pain shoots through your body!
You can move again.
You shoot a sling bullet. The sling bullet hits Grinder.
Grinder is almost dead.
Grinder hits you.
You writhe in agony.
You shoot a sling bullet. The sling bullet hits Grinder.
Grinder is almost dead.
Grinder gestures at you. Pain shoots through your body!
You shoot a sling bullet. The sling bullet barely misses Grinder.
Grinder gestures at you. Pain shoots through your body!
You die...

####### .....######
#.........# #.........#
##.........# ###
#.@......##### ...###
#.#5.........# ......
#<#..........#
......#########.#.........
................#.........
....##..#########.........
................'.........
...####...#######.........
. +.........#####........


You could see Grinder.

Vanquished Creatures
  A sleepcap (D:3)
  A dart slug (D:1)
  A worm (D:2)
  2 ball pythons (D:1)
  An endoplasm (D:2)
  A giant cockroach (D:1)
  2 goblins
  2 hobgoblins (D:1)
  3 jackals (D:1)
  2 quokkas
  4 bats
  4 frilled lizards
  A kobold (D:1)
  2 rats (D:1)
27 creatures vanquished.

Notes
Turn   | Place    | Note
-------+----------+-------------------------------------------
     0 | D:1      | qw the Gargoyle Hexslinger began the quest for the Orb.
     0 | D:1      | Reached XP level 1. HP: 12/12 MP: 2/2
     0 | D:1      | 0 ||| qw: Version: 0.3-a-46-gb1f654a
     0 | D:1      | 0 ||| qw: Game counter: 3126
     0 | D:1      | 0 ||| qw: Melee chars always use a shield: true
     0 | D:1      | 0 ||| qw: God list: Okawaru
     0 | D:1      | 0 ||| qw: Allow faded altars: false
     0 | D:1      | 0 ||| qw: Do Orc after clearing Dungeon:15 true
     0 | D:1      | 0 ||| qw: Do second Lair branch before Depths: true
     0 | D:1      | 0 ||| qw: Lair rune preference: random
     0 | D:1      | 0 ||| qw: Goals: Normal
     0 | D:1      | 0 ||| PLANNING D:1-11
    92 | D:1      | Reached XP level 2. HP: 16/16 MP: 3/3
   164 | D:1      | Reached skill level 3 in Ranged Weapons
   467 | D:1      | 467 ||| UPGRADING to +0 pair of boots.
   472 | D:1      | 472 ||| UPGRADING to +0 ring mail.
   482 | D:1      | 482 ||| DROPPING +0 robe.
   483 | D:1      | 483 ||| READING 2 scrolls labelled WOCHIR CEGH.
   484 | D:1      | 484 ||| READING scroll of enchant weapon.
   484 | D:1      | 484 ||| ENCHANTING +2 sling.
   485 | D:1      | 485 ||| READING scroll labelled KEBODGH YQ HYT.
   486 | D:1      | 486 ||| READING scroll labelled COEPNU VESTA.
   487 | D:1      | 487 ||| READING scroll labelled FETSO DOXUST.
   488 | D:1      | 488 ||| DRINKING 2 silvery potions.
   489 | D:1      | 489 ||| DRINKING 2 clear potions.
   490 | D:1      | 490 ||| DROPPING scroll of poison.
   522 | D:2      | Reached XP level 3. HP: 21/21 MP: 4/4
   723 | D:2      | Identified the ring "Ryhomai Rann" {rC- Int+6 Dex-4 Slay+5
                  | Stlth+}
  1164 | D:2      | Found a runed translucent door.
  1165 | D:2      | Noticed Crazy Yiuf
  1345 | D:2      | 1345 ||| DROPPING ring of flight.
  1346 | D:2      | 1346 ||| READING scroll labelled YSTOAG EKK.
  1347 | D:2      | 1347 ||| READING scroll labelled WATESCHIONUG.
  1386 | D:3      | Reached XP level 4. HP: 26/26 MP: 5/5
  1398 | D:3      | Noticed Grinder
  1399 | D:3      | 1399 ||| FLEEEEING.
  1400 | D:3      | 1400 ||| FLEEEEING.
  1401 | D:3      | 1401 ||| FLEEEEING.
  1402 | D:3      | 1402 ||| FLEEEEING.
  1403 | D:3      | 1403 ||| FLEEEEING.
  1404 | D:3      | 1404 ||| FLEEEEING.
  1405 | D:3      | 1405 ||| FLEEEEING.
  1422 | D:3      | HP: 5/26 [Grinder (4)]
  1423 | D:3      | 1423 ||| DRINKING potion of heal wounds.
  1431 | D:3      | Paralysed by Grinder for 5 turns
  1436 | D:3      | HP: 6/26 [Grinder (1)]
  1437 | D:3      | HP: 1/26 [Grinder/nerve-wracking pain (6)]
  1438 | D:3      | Killed from afar by Grinder

Levels and vault maps discovered:
D:1:      dpeg_arrival_tiny_g, layout_rooms
D:2:      layout_basic, uniq_crazy_yiuf_cottage
D:3:      layout_basic, uniq_robin, uniq_grinder, uniq_terence

Skill      XL: |  1  2  3 |
---------------+----------+-----
Ranged Weapons | 3 |  3.0
Fighting       | 2 |  2.0
Armour         | 2 |  2.3
Dodging        | |  1.5
Spellcasting   | |  1.0
Hexes          | |  2.6

Action                     |  1- 3 |  4- 6 || total
---------------------------+-------+-------++-------
   Fire: Sling             |   104 |    17 ||   121
    Use: Scroll            |     7 |       ||     7
         Potion            |     2 |     1 ||     3
 Armour: Robe              |    11 |       ||    11
         Ring mail         |     3 |     5 ||     8
  Dodge: Dodged            |    44 |     3 ||    47

Table legend:
 A = Non-vault XP
 B = Vault XP
 C = Vault XP percentage of total XP
 D = Non-vault monster count
 E = Vault monster count
 F = Vault count percentage of total count
                 A         B        C        D         E       F
            +---------+---------+-------+---------+---------+-------
      Total |      83 |       0 |   0.0 |      27 |       0 |   0.0
            +---------+---------+-------+---------+---------+-------
        D:1 |      32 |       0 |   0.0 |      20 |       0 |   0.0
        D:2 |      12 |       0 |   0.0 |       6 |       0 |   0.0
        D:3 |      39 |       0 |   0.0 |       1 |       0 |   0.0
            +---------+---------+-------+---------+---------+-------
